 Dungeon Crawl Stone Soup version 0.28-a0-1167-g616b1c6417 (webtiles) character file.

Game seed: 4775983132245953026

84 Ijustatesigmund the Chopper (level 4, -2/38 HPs)
             Began as a Hill Orc Gladiator on Dec 16, 2021.
             Slain by Sigmund (14 damage)
             ... on level 2 of the Dungeon.
             The game lasted 00:02:04 (1782 turns).

Ijustatesigmund the Chopper (Hill Orc Gladiator)    Turns: 1782, Time: 00:02:04

Health: -2/38      AC:  4    Str: 16    XL:     4   Next: 45%
Magic:  4/4        EV: 12    Int: 10    God:
Gold:   83         SH:  0    Dex: 12    Spells: 3/3 levels left

rFire   . . .      SeeInvis .   a - +1 war axe
rCold   . . .      Faith    .   (no shield)
rNeg    . . .      Spirit   .   b - +0 leather armour
rPois   .          Reflect  .   c - +0 helmet
rElec   .          Harm     .   (no cloak)
rCorr   .          Rampage  .   (no gloves)
Will    .....                   (no boots)
Stlth   +.........              (no amulet)
HPRegen 0.12/turn               f - ring of flight
MPRegen 0.09/turn               (no ring)

@: confused, flying
A: no striking features
a: no special abilities


You were on level 2 of the Dungeon.
You visited 1 branch of the dungeon, and saw 2 of its levels.

You collected 83 gold pieces.

Inventory:

Hand Weapons
 a - a +1 war axe (weapon)
Missiles
 d - 3 throwing nets (quivered)
Armour
 b - a +0 leather armour (worn)
 c - a +0 helmet (worn)
Jewellery
 f - a ring of flight (left hand)
Scrolls
 e - a scroll of torment
 h - a scroll of identify


   Skills:
 * Level 3.3 Fighting
 + Level 5.7 Axes
 - Level 1.7 Throwing
 + Level 1.6 Armour
 - Level 2.4 Dodging
 + Level 0.1 Stealth


You had 3 spell levels left.
You didn't know any spells.
Your spell library was empty.

Dungeon Overview and Level Annotations

Branches:
Dungeon (2/15)

Altars:

Annotations:
D:2 Natasha, Sigmund, Terence


Message History

Found a war axe.
Sigmund the Dreaded comes into view.
He is wielding a +2 scythe of freezing.
Sigmund shouts!
Terence the Incautious comes into view.
He is wielding a +0 short sword.
Found a scroll of identify.
Terence shouts!
You hear a shout!
Natasha, Servant of Life and Death comes into view.
A quokka comes into view.
Sigmund hits you with a +2 scythe of freezing!
Sigmund freezes you.
A kobold comes into view. It is wielding a +0 dagger.
Natasha mumbles some strange words.
You hit Sigmund.
Sigmund is lightly wounded.
Sigmund casts a spell at you.
You are confused.
You are too confused!
You are too confused!
You are too confused!
You are too confused!
You are too confused!
You are too confused!
You are too confused!
You are too confused!
You are too confused!
Unknown command.
You aren't carrying any potions.
You are too confused!
Unknown command.
You bump into the rock wall.
Sigmund casts a spell at you. The magic dart hits you.
Sigmund points at you and mumbles some strange words.
The puff of flame hits you!
You bump into the rock wall.
Sigmund closely misses you.
You're too confused to move!
The shadow imp hits you but does no damage.
You're too confused to move!
The quokka barely misses you.
Sigmund hits you from afar with a +2 scythe of freezing!
You die...

.........?...
#.................#
#..[.......)......#
##.................# #
##...)..............#.#
.................@....#
................h@..#
...........####r5#
...............?@#
......##........####
####.................
)......####.....#####
.#.##.## #....##
##.##.# ###..# #..##.##
#...#
.......#####.#.### #
#.#.................###


You could see Sigmund, Terence, Natasha, a shadow imp (summoned) and a quokka.

Vanquished Creatures
  Robin (D:2)
  An adder (D:2)
  A worm (D:2)
  3 dart slugs (D:1)
  6 endoplasms
  11 goblins
  7 hobgoblins
  3 kobolds
  3 quokkas
  A ball python (D:1)
  6 bats
  2 frilled lizards
  6 rats
51 creatures vanquished.

Notes
Turn   | Place    | Note
-------+----------+-------------------------------------------
     0 | D:1      | Ijustatesigmund the Hill Orc Gladiator began the quest for
                  | the Orb.
     0 | D:1      | Reached XP level 1. HP: 18/18 MP: 1/1
    47 | D:1      | Reached XP level 2. HP: 13/25 MP: 2/2
   461 | D:1      | Reached XP level 3. HP: 31/31 MP: 3/3
   612 | D:1      | Found a faded altar of an unknown god.
   713 | D:1      | Reached skill level 5 in Axes
  1247 | D:2      | Reached skill level 1 in Armour
  1505 | D:2      | Noticed Robin
  1513 | D:2      | Reached XP level 4. HP: 35/38 MP: 4/4
  1532 | D:2      | Killed Robin
  1773 | D:2      | Noticed Sigmund
  1774 | D:2      | Noticed Terence
  1775 | D:2      | Noticed Natasha
  1782 | D:2      | Slain by Sigmund

Illustrated notes

Levels and vault maps discovered:
D:1:      dpeg_arrival_renting, layout_basic,
          hellmonk_ecumenical_altar_heavens_door, glass_columns_a
D:2:      layout_rooms, uniq_natasha, uniq_sigmund, uniq_terence, uniq_robin

Skill      XL: |  1  2  3 |
---------------+----------+-----
Fighting       | 3 |  3.3
Axes           | 5 |  5.7
Armour         | 1 |  1.6
Throwing       | |  1.7
Dodging        | |  2.4
Stealth        | |  0.1

Action                   |  1- 3 |  4- 6 || total
-------------------------+-------+-------++-------
Melee: War axe           |    92 |    21 ||   113
  Use: Scroll            |     4 |       ||     4
       Potion            |       |     2 ||     2
Armor: Leather armour    |    26 |    11 ||    37
Dodge: Dodged            |    65 |    16 ||    81

Table legend: (Time is in decaauts)
 A = Elapsed time spent in this place.
 B = Non-inter-level travel time spent in this place.
 C = Inter-level travel time spent in this place.
 D = Time resting spent in this place.
 E = Time spent auto-exploring this place.
 F = Levels seen in this place.
 G = Mean time per level.
                   A        B        C        D        E       F      G
               +--------+--------+--------+--------+--------+-----+--------+
         Total |   1809 |   1777 |     32 |    519 |    984 |   2 |  904.5 |
       Dungeon |   1809 |   1777 |     32 |    519 |    984 |   2 |  904.5 |
               +--------+--------+--------+--------+--------+-----+--------+

Top non-repeatable levels by time:
     D:1: 917 daAuts
     D:2: 892 daAuts
